 Dungeon Crawl Stone Soup version 0.30-a0-723-gc1506a1cf0 (console) character file.

Game seed: 16918446432931738067

2508 petzl the Sneak (level 9, -4/57 (64) HPs)
             Began as a Formicid Delver on Jan 28, 2023.
             Was an Initiate of Vehumet.
             Slain by a wight
             ... wielding a +0 long sword
              (12 damage)
             ... on level 8 of the Dungeon.
             The game lasted 00:59:12 (8913 turns).

petzl the Sneak (Formicid Delver)                   Turns: 8913, Time: 00:59:12

HP:   -4/57 (64)    AC:  2    Str: 16      XL:     9   Next: 83%
MP:   11/11         EV: 10    Int: 11      God:    Vehumet [......]
Gold: 176           SH:  0    Dex: 10 (11) Spells: 12/17 levels left

rFire   . . .      SeeInvis +    a - +2 arbalest (chaos)
rCold   . . .      Faith    .    (no shield)
rNeg    . . .      Spirit   .    i - +0 ring mail
rPois   .          Reflect  .    (helmet unavailable)
rElec   .          Harm     .    (no cloak)
rCorr   +          Rampage  .    (no gloves)
Will    .....                    (no boots)
Stlth   +++                      (no amulet)
HPRegen 0.29/turn                v - ring of resist corrosion
MPRegen 0.12/turn                (no ring)

@: heavily drained
A: permanent stasis, dig shafts and tunnels, antennae 3, four strong arms,
deterioration 1, [clumsy 2], [deformed body], [dopey 2], [low MP 3], [screaming
2]
a: Dig, Shaft Self, Renounce Religion


You were on level 8 of the Dungeon.
You worshipped Vehumet.
Vehumet was noncommittal.
You visited 2 branches of the dungeon, and saw 11 of its levels.
You visited the Abyss 1 time.

You collected 449 gold pieces.
You spent 273 gold pieces at shops.

Inventory:

Hand Weapons
 a - a +2 arbalest of chaos (weapon)
 b - a +1 flail of venom
 c - a +0 quarterstaff
 e - a +4 scimitar
 p - a +0 short sword of flaming
 r - a +0 sling
 u - a +1 flail of holy wrath
 F - a +2 flail of draining
Missiles
 h - 7 boomerangs
Armour
 i - a +0 ring mail (worn)
Magical Staves
 w - a staff of air
 E - a staff of fire
Jewellery
 v - a ring of resist corrosion (left hand)
 A - a ring of protection from cold
 C - a +6 ring of intelligence
Wands
 f - a wand of light (5)
 g - a wand of digging (3)
 q - a wand of mindburst (5)
 s - a wand of polymorph (8)
Scrolls
 d - a scroll of magic mapping
 k - 2 scrolls of enchant armour
 l - 3 scrolls of poison
 m - 2 scrolls of fog
 n - 2 scrolls of amnesia
 y - a scroll of brand weapon
Potions
 j - 2 potions of curing
 o - a potion of lignification {unknown}
 t - a potion of ambrosia {unknown}
 x - a potion of attraction {unknown}
 B - a potion of flight
 D - a potion of cancellation {unknown}
 G - a potion of brilliance
 H - 2 potions of magic


   Skills:
 - Level 3.2 Fighting
 - Level 2.0(2.6) Maces & Flails
 - Level 2.6(3.0) Staves
 + Level 4.2 Ranged Weapons
 - Level 1.7 Dodging
 + Level 7.7 Stealth
 + Level 4.9 Spellcasting
 * Level 4.7 Conjurations
 - Level 4.0 Hexes
 - Level 6.0 Earth Magic
 + Level 4.7 Evocations


You had 12 spell levels left.
You knew the following spells:

 Your Spells              Type           Power      Damage    Failure   Level
a - Slow                  Hex            44%        N/A       9%          1
b - Stone Arrow           Conj/Erth      28%        3d8       14%         3
c - Apportation           Tloc           4%         N/A       38%         1

Your spell library contained the following spells:

 Spells                   Type           Power      Damage    Failure   Level
 Sandblast                Erth           30%        2d9       3%          1
 Shock                    Conj/Air       28%        1d4       16%         1
 Passwall                 Tmut/Erth      7%         N/A       19%         2
 Confusing Touch          Hex            11%        N/A       24%         3
 Necrotise                Necr           8%         1d4       38%         1
 Summon Small Mammal      Summ           8%         N/A       38%         1
 Vampiric Draining        Necr           2%         2d6       77%         3
 Petrify                  Tmut/Erth      9%         N/A       77%         4
 Airstrike                Air            1%         2d(1-17)  99%         4
 Manifold Assault         Tloc           2%         N/A       99%         4
 Metabolic Englaciation   Hex/Ice        3%         N/A       99%         5
 Agony                    Necr           2%         N/A       100%        5
 Statue Form              Tmut/Erth      6%         N/A       100%        6
 Malign Gateway           Summ/Tloc      1%         N/A       100%        7
 Storm Form               Tmut/Air       1%         N/A       100%        7
 Summon Horrible Things   Summ           1%         N/A       100%        8
 Blink                    Tloc           Unusable   N/A       N/A         2
 Swiftness                Air            Unusable   N/A       N/A         3

Dungeon Overview and Level Annotations

Branches:
Dungeon (10/15)            Temple (1/1) D:6
   Lair: D:8-11         Orc: D:9-12

Altars:
Cheibriados
Dithmenos
Elyvilon
Fedhas
Hepliaklqana
Kikubaaqudgha
Makhleb
Nemelex Xobeh
Okawaru
Qazlal
Ru
Sif Muna
Trog
Uskayaw
Vehumet
Wu Jian
Xom
Yredelemnul
Zin
The Shining One

Shops:
D:2 ?

Annotations:
D:2 Jessica, Natasha
D:5 exclusion: sensed monster (detected)
D:6 exclusions: 2 downstairs and upstairs
D:7 exclusion: 2 upstairs
D:9 exclusions: 2 downstairs and 4 sensed monsters (detected)
D:10 exclusion: 2 yaks


Innate Abilities, Weirdness & Mutations

You cannot be hasted, slowed, berserked, paralysed or teleported.
You can dig through walls and to a lower floor.
You have a pair of large antennae on your head. (SInv)
Your four strong arms can wield two-handed weapons with a shield.
Your body sometimes deteriorates upon taking damage.
[You are very clumsy. (Dex -4)]
[Armour fits poorly on your strangely shaped body.]
[You are very dopey. (Int -4)]
[Your magical capacity is extremely low. (-30% MP)]
[You frequently scream uncontrollably at your foes.]


Message History

Confirm with . or Enter, or press ? or * to list all spells.
Aiming: Slow (safe; 9% risk of failure)
Press: ? - help, Shift-Dir - straight line, f - wight
Aim: a wight, wielding a +0 battleaxe, wearing a +0 robe and carrying a wand of iceblast (5) (chance to affect: 45%)
The wight resists with some effort.
The wight zaps a wand.
The mass of ice explodes!
The iceblast engulfs you!
You shoot a bolt.
The bolt hits the wight but does no damage.
You shoot a bolt. The bolt hits the wight!!
You destroy the wight!
Vehumet accepts your kill.
A wight comes into view. It is wielding a +3 halberd.
Things that are here:
a +0 battleaxe {!f =f}; a +0 robe
Casting: Slow (safe; 9% risk of failure)
Confirm with . or Enter, or press ? or * to list all spells.
Aiming: Slow (safe; 9% risk of failure)
Press: ? - help, Shift-Dir - straight line, f - wight
Aim: a wight, wielding a +3 halberd and wearing a +0 robe (chance to affect: 45%)
The wight seems to slow down.
You shoot a bolt. The bolt barely misses the wight.
You shoot a bolt.
The bolt hits the wight but does no damage.
You shoot a bolt. The bolt barely misses the wight.
The wight barely misses you.
You shoot a bolt. The bolt closely misses the wight.
The wight is no longer moving slowly.
The wight barely misses you.
You shoot a bolt. The bolt closely misses the wight.
The wight hits you from afar with a +3 halberd!
You feel drained. The wight barely misses you.
You shoot a bolt. The bolt closely misses the wight.
The wight hits you from afar with a +3 halberd!
You feel drained.
The wight hits you from afar with a +3 halberd!
* * * LOW HITPOINT WARNING * * *
You feel drained.
* * * LOW HITPOINT WARNING * * *
Are you sure you want to shaft yourself?
You begin to dig a shaft.
You continue digging a shaft.
The wight hits you with a +0 long sword!
You die...

## .# .. .##### ##.. .....##### .....
.##...##.##..... ## ### #
.#.#........... { #. ..#.#
###.#.......# { # #.####.#.#
##.##...#.# .# #......... ## ##.##
### #.# #..# #.# #.# ..# #.. #..###.#
#.# #.#.# # #......# ##'## #.)##.#
#...##(# ##...## #.....# #.#.##.#
##.....## ###z#### #.#.##.# #
##.......## ##@#{# #.#.#..#
####.........####..z.#######......###
...+.........'..................)....
####.........####....#########....###
# ##.......## ##.#.# #.#.## ##.....##
#####.#### #....# ##...## #........#
####.# ##'## #.###.##.# #.# #.#
#.###.##.# #.# ##### #.# #.....##.#
#.# ....# ##.## #..#####.# #.#
###.###...## #..#####.# #.# #
#)##.....# #........# #.#
###.###...#######.####### #.#
[.................# #.###
########.########## #.... #.# #####
#.# #.#


You could see a wight.

Vanquished Creatures
  A sea snake (shapeshifter) (D:6)
  A wyvern (D:9)
  Edmund (D:4)
  An orc warrior (D:9)
  2 ogres
  An ice beast (D:7)
  A kobold brigand (D:6)
  A gnoll sergeant (D:7)
  3 scorpions
  6 wights
  A howler monkey (D:8)
  An electric eel (D:10)
  A jelly (D:7)
  2 hounds
  An orc priest (D:7)
  A gnoll bouda (D:5)
  2 iguanas
  8 orc wizards
  10 gnolls
  8 adders
  A shadow imp (D:7)
  A white imp (Abyss:2)
  An ufetubus (D:5)
  A dart slug (D:4)
  25 orcs
  6 ball pythons
  2 endoplasms (D:1)
  A giant cockroach (D:1)
  3 goblins
  7 hobgoblins
  5 kobolds
  3 quokkas
  6 bats
  A frilled lizard (D:1)
116 creatures vanquished.

Notes
Turn   | Place    | Note
-------+----------+-------------------------------------------
     0 | D:5      | petzl the Formicid Delver began the quest for the Orb.
     0 | D:5      | Reached XP level 1. HP: 18/18 MP: 1/1
     1 | D:5      | Noticed a scorpion
    58 | D:5      | Noticed a hound
   173 | D:3      | Noticed an iguana
   194 | D:4      | You fall into a shaft and drop 3 floors!
   286 | D:7      | Reached skill level 1 in Spellcasting
   293 | D:7      | Reached XP level 2. HP: 23/24 MP: 4/4
   497 | D:7      | Learned a level 1 spell: Slow
   580 | D:6      | Reached XP level 3. HP: 14/26 MP: 5/5
   647 | D:6      | Found a basalt altar of Yredelemnul.
   666 | D:6      | Noticed an ogre
   681 | D:6      | You fall into a shaft and drop 3 floors!
  1014 | D:10     | Entered Level 10 of the Dungeon
  1017 | D:10     | Reached skill level 1 in Staves
  1017 | D:10     | Reached skill level 1 in Hexes
  1017 | D:10     | Reached XP level 4. HP: 25/35 MP: 5/7
  1059 | D:10     | Noticed a wight
  1059 | D:10     | Noticed a wight
  1060 | D:10     | Noticed a wight
  1182 | D:9      | Noticed an orc warrior
  1211 | D:9      | Killed an orc warrior
  1212 | D:9      | Reached skill level 1 in Ranged Weapons
  1212 | D:9      | Reached skill level 1 in Evocations
  1212 | D:9      | Reached XP level 5. HP: 18/41 MP: 8/8
  1288 | D:8      | Reached XP level 6. HP: 34/43 MP: 9/9
  1492 | D:9      | Noticed a steam dragon
  1503 | D:9      | Noticed a wyvern
  1520 | D:9      | Killed a wyvern
  1521 | D:9      | Reached XP level 7. HP: 29/52 MP: 9/11
  1840 | D:10     | Noticed a yak
  1840 | D:10     | Noticed a yak
  1950 | D:8      | Learned a level 3 spell: Stone Arrow
  2430 | D:7      | Reached skill level 1 in Earth Magic
  2489 | D:6      | Reached skill level 1 in Conjurations
  2558 | D:6      | Found a staircase to the Ecumenical Temple.
  2568 | Temple   | Entered the Ecumenical Temple
  2568 | Temple   | Found a transporter.
  2568 | Temple   | Found a transporter.
  2575 | Temple   | Found a transporter.
  2575 | Temple   | Found a transporter.
  2598 | Temple   | Became a worshipper of Vehumet
  2725 | D:5      | Found a white marble altar of Elyvilon.
  3077 | D:2      | Found Wafret's Magic Scroll Shop.
  3081 | D:2      | Bought a scroll of identify for 26 gold pieces
  3082 | D:2      | Bought a scroll of identify for 26 gold pieces
  3082 | D:2      | Bought a scroll of identify for 26 gold pieces
  4336 | D:2      | Noticed Natasha
  4336 | D:2      | Noticed Jessica
  4385 | D:2      | You fall into a shaft and drop 1 floor!
  4907 | D:4      | Reached XP level 8. HP: 57/58 MP: 13/13
  4920 | D:4      | Reached * piety under Vehumet
  4920 | D:4      | Offered knowledge of Kiss of Death by Vehumet.
  5033 | D:4      | Noticed Edmund
  5193 | D:4      | Killed Edmund
  5354 | D:2      | Bought 2 scrolls of enchant weapon for 195 gold pieces
  6041 | D:5      | Learned a level 1 spell: Apportation
  6548 | D:6      | an ogre changed into a shapeshifter
  6548 | D:6      | Noticed a shapeshifter (shapeshifter)
  6548 | D:6      | a shapeshifter changed into a fire crab
  6548 | D:6      | Noticed a fire crab (shapeshifter)
  6720 | Abyss:2  | Cast into level 2 of the Abyss (gnoll)
  6845 | Abyss:2  | Noticed a sixfirhy
  6851 | Abyss:2  | Noticed a tentacled starspawn
  6862 | Abyss:2  | Gained mutation: You occasionally lose the ability to drink
                  | potions when taking damage. [potion of mutation]
  6862 | Abyss:2  | Gained mutation: You are frail. (-10% HP) [potion of
                  | mutation]
  6862 | Abyss:2  | Gained mutation: Your mind is acute. (Int +4, Str/Dex -1)
                  | [potion of mutation]
  6863 | Abyss:2  | Lost mutation: Your mind is acute. (Int +4, Str/Dex -1)
                  | [potion of mutation]
  6863 | Abyss:2  | Lost mutation: You are frail. (-10% HP) [potion of
                  | mutation]
  6863 | Abyss:2  | Lost mutation: You occasionally lose the ability to drink
                  | potions when taking damage. [potion of mutation]
  6863 | Abyss:2  | Gained mutation: Your body sometimes deteriorates upon
                  | taking damage. [potion of mutation]
  6921 | Abyss:2  | Found a corrupted altar of Lugonu.
  6923 | Abyss:2  | Noticed a balrug
  6927 | Abyss:2  | Fell from the grace of Vehumet
  6927 | Abyss:2  | Became a worshipper of Lugonu the Unformed
  6927 | Abyss:2  | Reached * piety under Lugonu
  6927 | Abyss:2  | Reached ** piety under Lugonu
  6928 | D:5      | Escaped the Abyss
  6932 | D:5      | You fall into a shaft and drop 1 floor!
  7109 | D:6      | Found a glowing golden altar of the Shining One.
  7193 | D:6      | Reached skill level 7 in Stealth
  7318 | Temple   | Fell from the grace of Lugonu
  7318 | Temple   | Became a worshipper of Vehumet
  7342 | D:6      | Reached XP level 9. HP: 64/64 MP: 11/15
  7524 | Temple   | Noticed a wretched star
  7529 | D:6      | You fall into a shaft and drop 2 floors!
  7788 | D:5      | You fall into a shaft and drop 1 floor!
  7833 | D:5      | You fall into a shaft and drop 2 floors!
  7975 | D:6      | Noticed a sea snake
  7995 | D:6      | Noticed a wretched star
  7996 | D:6      | Killed a sea snake
  7997 | D:6      | Reached skill level 5 in Earth Magic
  7997 | D:6      | You fall into a shaft and drop 1 floor!
  8108 | D:7      | You fall into a shaft and drop 1 floor!
  8550 | D:5      | You fall into a shaft and drop 3 floors!
  8735 | D:6      | You fall into a shaft and drop 3 floors!
  8913 | D:8      | Slain by a wight

Illustrated notes

Levels and vault maps discovered:
D:1:      mrwooster_arrival_statue, layout_loops_corners
D:2:      layout_basic, serial_shops, nicolae_shop_hallway_stairs, uniq_natasha,
          uniq_jessica
D:3:      layout_rooms
D:4:      layout_gridville, uniq_edmund
D:5:      wander_river, layout_layer_cave, kennysheep_little_box,
          elyvilon_altar_4
D:6:      layout_loops_corners, yredelemnul_altar_generic,
          lemuel_coloured_pillars_altar, amcnicky_altar_gilded,
          minmay_temple_entry_stoned_glass, minmay_strange_pillars
D:7:      layout_loops_ring
D:8:      layout_loops_corners, enter_bailey_2
D:9:      layout_loops_cross, nicolae_rejected_hall
D:10:     layout_big_octagon, david_lair_generic, orc_0_dummy
Temple:   hellmonk_temple_divided_pantheon

Skill      XL: |  1  2  3  4  5  6  7  8  9 |
---------------+----------------------------+-----
Spellcasting   | 1 2 3 4 |  4.9
Staves         | 1 2 |  2.6
Hexes          | 1 2 3 4 |  4.0
Ranged Weapons | 1 2 3 4 |  4.2
Evocations     | 1 2 3 4 |  4.7
Earth Magic    | 2 4 6 |  6.0
Conjurations   | 1 3 4 |  4.7
Stealth        | 7 |  7.7
Fighting       | |  3.2
Maces & Flails | |  2.0
Dodging        | |  1.7

Action                     |  1- 3 |  4- 6 |  7- 9 || total
---------------------------+-------+-------+-------++-------
  Melee: Quarterstaff      |    47 |    20 |    74 ||   141
         Mace              |     4 |       |       ||     4
         Flail             |       |     2 |    36 ||    38
         Punch             |       |       |     2 ||     2
   Fire: Sling             |     3 |     8 |    32 ||    43
         Arbalest          |       |       |   160 ||   160
   Cast: Slow              |       |     5 |    99 ||   104
         Stone Arrow       |       |       |     6 ||     6
 Invoke: Depart the Abyss  |       |       |     1 ||     1
Ability: Shaft Self        |     2 |       |    10 ||    12
         Dig               |     1 |     1 |       ||     2
  Evoke: Wand              |     3 |    12 |     8 ||    23
    Use: Scroll            |       |     1 |    12 ||    13
         Potion            |       |       |    13 ||    13
   Stab: Sleeping          |       |       |     1 ||     1
 Armour: Leather armour    |    13 |       |       ||    13
         Ring mail         |     4 |     2 |    63 ||    69
  Dodge: Dodged            |    39 |    15 |   129 ||   183

Table legend: (Time is in decaauts)
 A = Elapsed time spent in this place.
 B = Non-inter-level travel time spent in this place.
 C = Inter-level travel time spent in this place.
 D = Time resting spent in this place.
 E = Time spent auto-exploring this place.
 F = Levels seen in this place.
 G = Mean time per level.
                   A        B        C        D        E       F      G
               +--------+--------+--------+--------+--------+-----+--------+
         Total |   9095 |   8644 |    451 |   2060 |   3004 |  12 |  757.9 |
       Dungeon |   8581 |   8130 |    451 |   1773 |   3003 |  10 |  858.1 |
        Temple |    305 |    305 |      0 |    192 |      1 |   1 |  305.0 |
         Abyss |    208 |    208 |      0 |     95 |      0 |   1 |  208.0 |
               +--------+--------+--------+--------+--------+-----+--------+

Top non-repeatable levels by time:
     D:6: 1340 daAuts
     D:5: 1186 daAuts
     D:4: 1186 daAuts
     D:7: 1166 daAuts
     D:9: 889 daAuts
     D:1: 852 daAuts
     D:8: 782 daAuts
     D:3: 599 daAuts
     D:2: 491 daAuts
  Temple: 305 daAuts
 Abyss:2: 208 daAuts
    D:10: 87 daAuts
